 Dungeon Crawl Stone Soup version 0.27-a0-512-g57cc695410 (webtiles) character file.

Game seed: 18351976467175953525

177 dickylongcocking the Chopper (level 5, 0/41 HPs)
             Began as a Human Monk on Mar 4, 2021.
             Slain by a worker ant (5 damage)
             ... on level 4 of the Dungeon.
             The game lasted 00:02:43 (3450 turns).

dickylongcocking the Chopper (Human Monk)           Turns: 3450, Time: 00:02:44

Health: 0/41       AC:  8    Str: 14    XL:     5   Next: 87%
Magic:  5/5        EV: 10    Int: 10    God:
Gold:   106        SH:  0    Dex: 16    Spells: 4/4 levels left

rFire    . . .     SeeInvis .   a - +1 hand axe
rCold    . . .     Faith    .   (no shield)
rNeg     . . .     Spirit   .   j - +0 scale mail
rPois    .         Reflect  .   (no helmet)
rElec    .         Harm     .   f - +0 cloak
rCorr    .         Rampage  .   (no gloves)
Will     .....     Rnd*Tele +   q - +0 pair of boots
Stlth    +.........             (no amulet)
HPRegen  0.13/turn              (no ring)
MPRegen  0.09/turn              (no ring)

@: lethally poisoned (0 -> -3)
A: strong 1, teleportitis 1, evolution 1
a: no special abilities


You were on level 4 of the Dungeon.
You visited 1 branch of the dungeon, and saw 4 of its levels.

You collected 106 gold pieces.

Inventory:

Hand Weapons
 a - a +1 hand axe (weapon)
 s - a +1 hunting sling of freezing
Missiles
 t - 52 stones (quivered)
 u - 2 boomerangs
 v - 15 sling bullets
Armour
 b - a +0 robe
 c - a +0 leather armour
 f - a +0 cloak (worn)
 j - a +0 scale mail (worn)
 m - a +0 cloak
 q - a +0 pair of boots (worn)
Jewellery
 k - a +4 ring of evasion
Scrolls
 d - a scroll of amnesia
 g - a scroll of enchant weapon
 h - a scroll of fear {unknown}
 i - 2 scrolls of teleportation {unknown}
 l - a scroll of fog {unknown}
 p - 7 scrolls of identify {unknown}
Potions
 e - a potion of mutation


   Skills:
 - Level 3.0 Fighting
 * Level 6.1 Axes
 - Level 3.0 Dodging
 - Level 2.0 Stealth


You had 4 spell levels left.
You didn't know any spells.
Your spell library was empty.

Dungeon Overview and Level Annotations

Branches:
Dungeon (4/15)
 Temple: D:4-7

Altars:


Innate Abilities, Weirdness & Mutations

Your muscles are strong. (Str +2)
You are occasionally teleported next to monsters.
You evolve.


Message History

The worker ant bites you but does no damage.
Unknown command.
You hit the worker ant but do no damage.
The worker ant is moderately wounded.
You feel sick. The worker ant misses you.
Unknown command.
You hit the worker ant.
The worker ant is heavily wounded.
The worker ant barely misses you.
Unknown command.
You hit the worker ant.
The worker ant is heavily wounded.
You feel sick. The worker ant misses you. x2
Unknown command.
You hit the worker ant.
The worker ant is severely wounded.
You feel sick.
The worker ant bites you but does no damage.
Unknown command.
You hit the worker ant but do no damage.
The worker ant is severely wounded.
The worker ant completely misses you.
Unknown command.
You hit the worker ant but do no damage.
The worker ant is severely wounded.
You feel sick. The worker ant barely misses you.
Unknown command.
You closely miss the worker ant.
The worker ant is severely wounded.
The worker ant barely misses you.
Unknown command.
Your scale mail prevents you from hitting the worker ant.
The worker ant is severely wounded.
You feel sick.
The worker ant bites you but does no damage. x2
Unknown command.
You hit the worker ant.
The worker ant is severely wounded.
The worker ant bites you.
You die...

######## ##
#..@B..# .
.. #.####.#
....#.#.####
#........# #
###.#.##.#.#
#.#.##.#.# .
#......# ##
####.###
#[..#


You could see a worker ant.

Vanquished Creatures
  Jessica (D:2)
  An orc wizard (D:3)
  A hound skeleton (D:4)
  3 adders
  3 worms
  4 dart slugs
  2 leopard geckos (D:3)
  8 orcs (D:3)
  4 bats
  6 giant cockroaches
  4 goblins
  6 hobgoblins
  3 jackals (D:3)
  5 kobolds
  A ball python (D:1)
  4 frilled lizards
  7 rats
63 creatures vanquished.

Notes
Turn   | Place    | Note
-------+----------+-------------------------------------------
     0 | D:1      | dickylongcocking the Human Monk began the quest for the
                  | Orb.
     0 | D:1      | Reached XP level 1. HP: 18/18 MP: 1/1
    68 | D:1      | Reached XP level 2. HP: 20/24 MP: 2/2
   750 | D:1      | Reached skill level 4 in Axes
   750 | D:1      | Reached XP level 3. HP: 23/29 MP: 3/3
  1038 | D:2      | Noticed Jessica
  1054 | D:2      | Killed Jessica
  1055 | D:2      | Reached XP level 4. HP: 23/35 MP: 4/4
  2141 | D:3      | Reached skill level 5 in Axes
  2569 | D:3      | Reached XP level 5. HP: 41/41 MP: 5/5
  3295 | D:4      | Reached skill level 6 in Axes
  3437 | D:4      | Gained mutation: Your muscles are strong. (Str +2) [potion
                  | of mutation]
  3437 | D:4      | Gained mutation: You are occasionally teleported next to
                  | monsters. [potion of mutation]
  3437 | D:4      | Gained mutation: You evolve. [potion of mutation]
  3450 | D:4      | Slain by a worker ant

Illustrated notes

Levels and vault maps discovered:
D:1:      wander_arrival_estate, layout_loops_ring
D:2:      layout_rooms, uniq_jessica
D:3:      layout_basic
D:4:      layout_loops_cross, serial_shops, shop

Skill      XL: |  1  2  3  4  5 |
---------------+----------------+-----
Axes           | 4 5 6 |  6.1
Fighting       | |  3.0
Dodging        | |  3.0
Stealth        | |  2.0

Action                   |  1- 3 |  4- 6 || total
-------------------------+-------+-------++-------
Melee: Hand axe          |    62 |   228 ||   290
  Use: Potion            |     1 |    11 ||    12
       Scroll            |       |     2 ||     2
 Stab: Sleeping          |     2 |       ||     2
Armor: Robe              |     2 |       ||     2
       Leather armour    |     8 |       ||     8
       Scale mail        |     9 |   120 ||   129
       Skin              |       |    18 ||    18
Dodge: Dodged            |    47 |   121 ||   168

Table legend: (Time is in decaauts)
 A = Elapsed time spent in this place.
 B = Non-inter-level travel time spent in this place.
 C = Inter-level travel time spent in this place.
 D = Time resting spent in this place.
 E = Time spent auto-exploring this place.
 F = Levels seen in this place.
 G = Mean time per level.
                   A        B        C        D        E       F      G
               +--------+--------+--------+--------+--------+-----+--------+
         Total |   3482 |   3351 |    131 |    406 |   2329 |   4 |  870.5 |
       Dungeon |   3482 |   3351 |    131 |    406 |   2329 |   4 |  870.5 |
               +--------+--------+--------+--------+--------+-----+--------+

Top non-repeatable levels by time:
     D:3: 1150 daAuts
     D:2: 1106 daAuts
     D:1: 1006 daAuts
     D:4: 219 daAuts
